[Event "Titled Tuesday Blitz April 12 Early 2022"]
[White "Kejzar, Petra"]
[Black "Chernomordik, Pavel"]
[WhiteFideId "14610213"]
[BlackFideId "2804530"]
[WhiteElo "2003"]
[BlackElo "2220"]
[Result "1-0"]
[Round "02"]
[TimeControl "180+1"]
[Date "2022.04.13"]
[WhiteClock "0:00:11"]
[BlackClock "0:00:21"]

1. b3 g6 2. Bb2 Nf6 3. Nf3 Bg7 4. e3 d6 5. Be2 e5 6. O-O O-O 7. d4 e4 8. Ng5 h6 9. Nh3 Bxh3 10. gxh3 Nh7 11. f4 Qh4 12. Kg2 f5 13. Qe1 Qe7 14. Qg3 g5 15. Nd2 Kh8 16. Kh1 Nd7 17. c4 c5 18. Rab1 Qe6 19. Rbd1 Qg6 20. Nb1 Nhf6 21. Nc3 cxd4 22. exd4 Nh5 23. Bxh5 Qxh5 24. Nb5 Rf6 25. fxg5 hxg5 26. d5 Rg6 27. Bxg7+ Kxg7 28. Nc7 Re8 29. Ne6+ Kh6 30. Qxd6 e3 31. Rde1 Nf6 32. Rxe3 Ne4 33. Qe5 Nc5 34. Rxf5 Nxe6 35. dxe6 Rexe6 36. Qxe6 Rxe6 37. Rxe6+ Kg7 38. Rfe5 Qd1+ 39. Re1 Qf3+ 40. Kg1 Qxh3 41. Re7+ Kh6 42. R1e6+ Kh5 43. Rh7+ 1-0


[Site "https://www.chess.com"]

[Event "Titled Tuesday Blitz April 12 Early 2022"]
[White "Khamdamova, Afruza"]
[Black "Tanenbaum, Zachary"]
[WhiteFideId "14210444"]
[BlackFideId "2060850"]
[WhiteElo "1660"]
[BlackElo "2168"]
[Result "0-1"]
[Round "02"]
[TimeControl "180+1"]
[Date "2022.04.13"]
[WhiteClock "0:00:16"]
[BlackClock "0:01:17"]

1. e4 e5 2. Nf3 Nc6 3. Bb5 a6 4. Ba4 d6 5. c3 Nf6 6. d4 b5 7. Bc2 Be7 8. h3 O-O 9. O-O Bb7 10. Re1 Re8 11. Nbd2 Bf8 12. Nf1 exd4 13. cxd4 Nb4 14. Ng3 Nxc2 15. Qxc2 c5 16. d5 g6 17. Bf4 Bg7 18. Rad1 Qb6 19. Nf1 Re7 20. Bg5 Rae8 21. Ng3 h6 22. Bc1 Qa5 23. a3 Qa4 24. Qxa4 bxa4 25. Re3 Nxe4 26. Rde1 Bxd5 27. Nd2 f5 28. Ngxe4 fxe4 29. Nb1 Bd4 30. R3e2 Bc4 31. Rd2 e3 0-1


[Site "https://www.chess.com"]

[Event "Titled Tuesday Blitz April 12 Early 2022"]
[White "Kobalia, Mikhail"]
[Black "Karas, Marek"]
[WhiteFideId "4119150"]
[BlackFideId "14928558"]
[WhiteElo "2667"]
[BlackElo "2271"]
[Result "1-0"]
[Round "02"]
[TimeControl "180+1"]
[Date "2022.04.13"]
[WhiteClock "0:00:56"]
[BlackClock "0:00:04"]

1. e4 e6 2. d3 d5 3. Nd2 Nf6 4. Ngf3 Nc6 5. c3 e5 6. Be2 a5 7. O-O dxe4 8. dxe4 Be7 9. Bb5 Bd6 10. Nc4 Qe7 11. Bg5 O-O 12. Ne3 Be6 13. Re1 h6 14. Bh4 Rad8 15. Qc2 Na7 16. Bc4 c6 17. Bxe6 Qxe6 18. Qb3 b5 19. Qxe6 fxe6 20. Rad1 Bc7 21. h3 g5 22. Bg3 Nxe4 23. Bxe5 Bxe5 24. Nxe5 Rxd1 25. Nxd1 Nd6 26. Ne3 Nf5 27. Rd1 Nxe3 28. fxe3 Rf5 29. Ng4 Kg7 30. Rd7+ Rf7 31. Rxf7+ Kxf7 32. Nxh6+ Kg6 33. Ng4 b4 34. cxb4 axb4 35. Kf2 Kf5 36. Kf3 c5 37. e4+ Kg6 38. Ke3 Nb5 39. Ne5+ Kf6 40. Nd7+ Ke7 41. Nxc5 Kd6 42. Nd3 b3 43. axb3 e5 44. g3 Nd4 45. b4 Ne6 46. h4 gxh4 47. gxh4 Ng7 48. Kf3 1-0


[Site "https://www.chess.com"]

[Event "Titled Tuesday Blitz April 12 Early 2022"]
[White "Kosakowski, Jakub"]
[Black "Plazuelo Pascual, Juan"]
[WhiteFideId "1185080"]
[BlackFideId "32059566"]
[WhiteElo "2454"]
[BlackElo "2359"]
[Result "1-0"]
[Round "02"]
[TimeControl "180+1"]
[Date "2022.04.13"]
[WhiteClock "0:01:26"]
[BlackClock "0:00:17"]

1. Nf3 d5 2. b3 Nf6 3. Bb2 e6 4. e3 c5 5. d4 Nbd7 6. Bd3 b6 7. O-O Bb7 8. Nbd2 Be7 9. Ne5 Nxe5 10. dxe5 Nd7 11. f4 f5 12. c4 O-O 13. cxd5 Bxd5 14. e4 fxe4 15. Nxe4 Rc8 16. Qh5 g6 17. Qh3 Rf7 18. Rad1 Nf8 19. Bc4 Rc7 20. Bxd5 exd5 21. e6 Rg7 22. Bxg7 Kxg7 23. f5 gxf5 24. Qxf5 d4 25. Rd3 Ng6 26. Rg3 Qe8 27. Qf7+ Qxf7 28. Rxf7+ Kg8 29. Nf6+ Bxf6 30. Rxc7 Be5 31. Rc8+ Kg7 32. Rxg6+ hxg6 33. e7 1-0


[Site "https://www.chess.com"]

[Event "Titled Tuesday Blitz April 12 Early 2022"]
[White "Kozak, Adam"]
[Black "Manolache, Marius"]
[WhiteFideId "753246"]
[BlackFideId "1201530"]
[WhiteElo "2459"]
[BlackElo "2364"]
[Result "1-0"]
[Round "02"]
[TimeControl "180+1"]
[Date "2022.04.12"]
[WhiteClock "0:02:30"]
[BlackClock "0:01:32"]

1. b3 d5 2. Bb2 c6 3. Nf3 Bf5 4. g3 Qc8 5. Bg2 Nf6 6. d3 Bh3 7. O-O Bxg2 8. Kxg2 Nbd7 9. Nbd2 e6 10. e4 Be7 11. e5 Ng8 12. d4 Bd8 13. c4 Ne7 14. Rc1 Qb8 15. Ba3 O-O 16. Bd6 Qc8 17. cxd5 exd5 18. Nh4 Re8 19. f4 Ng6 20. f5 Nxh4+ 21. gxh4 Bc7 22. Bxc7 Qxc7 23. Qg4 Kh8 24. Nf3 Nf8 25. Kh1 Qd7 26. Rg1 g6 27. Ng5 h5 28. Qf3 Kg8 29. e6 fxe6 30. f6 Kh8 31. f7 1-0


[Site "https://www.chess.com"]

[Event "Titled Tuesday Blitz April 12 Early 2022"]
[White "Krutko, Anatoly"]
[Black "Ovezdurdyyeva, Jemal"]
[WhiteFideId "4185862"]
[BlackFideId "14001888"]
[WhiteElo "2378"]
[BlackElo "1946"]
[Result "1-0"]
[Round "02"]
[TimeControl "180+1"]
[Date "2022.04.13"]
[WhiteClock "0:02:17"]
[BlackClock "0:01:38"]

1. d4 Nf6 2. c4 g6 3. Nc3 d5 4. Qa4+ c6 5. cxd5 Nxd5 6. e4 Nb6 7. Qb3 Qxd4 8. Nf3 Qd6 9. Ng5 Qf6 10. Be2 N8d7 11. f4 Nc5 12. Qc2 h6 13. e5 Qf5 14. Qxf5 Bxf5 15. Nf3 Nd3+ 16. Bxd3 Bxd3 17. e6 fxe6 18. Ne5 Bg7 19. Nxd3 1-0


[Site "https://www.chess.com"]

[Event "Titled Tuesday Blitz April 12 Early 2022"]
[White "Kubicka, Anna"]
[Black "Skytte, Rasmus"]
[WhiteFideId "1152254"]
[BlackFideId "1404210"]
[WhiteElo "2000"]
[BlackElo "2430"]
[Result "1-0"]
[Round "02"]
[TimeControl "180+1"]
[Date "2022.04.13"]
[WhiteClock "0:02:03"]
[BlackClock "0:02:21"]

1. e4 c6 2. Nc3 d5 3. Nf3 dxe4 4. Nxe4 Nf6 5. Nxf6+ exf6 6. d4 Bd6 7. Be3 O-O 8. Bd3 Re8 9. Qd2 Nd7 10. O-O-O Nf8 11. Kb1 Be6 12. h3 Rc8 13. g4 c5 14. dxc5 Bxc5 15. Bxc5 Rxc5 16. Bxh7+ Nxh7 17. Qxd8 Rxd8 18. Rxd8+ Nf8 19. Nd4 Ra5 20. Nxe6 fxe6 21. Rhd1 Re5 22. a4 Re2 23. R1d7 Re1+ 24. Ka2 Re4 25. Rxb7 Rxa4+ 26. Kb3 Rf4 27. Rbb8 Rf3+ 28. c3 Rxf2 29. Rxf8+ Kh7 30. h4 Kg6 31. Rb7 Rf4 32. h5+ Kg5 33. Rxg7+ Kh4 34. h6 Rxg4 35. Rxg4+ Kxg4 36. h7 f5 37. h8=Q f4 38. Qe5 f3 39. Qf4+ Kh3 40. Qg5 Kh2 41. Rh8# 1-0


[Site "https://www.chess.com"]

[Event "Titled Tuesday Blitz April 12 Early 2022"]
[White "Kucuksari, Kaan"]
[Black "Atanejhad, Sahebali"]
[WhiteFideId "6380166"]
[BlackFideId "12506664"]
[WhiteElo "2305"]
[BlackElo "1953"]
[Result "0-1"]
[Round "02"]
[TimeControl "180+1"]
[Date "2022.04.13"]
[WhiteClock "0:00:02"]
[BlackClock "0:00:10"]

1. d4 Nf6 2. c4 e6 3. Nf3 c5 4. d5 b5 5. Bg5 exd5 6. cxd5 d6 7. e4 a6 8. Bd3 Be7 9. O-O Nxd5 10. exd5 Bxg5 11. Re1+ Kf8 12. Nc3 Bf6 13. Re2 Bg4 14. Be4 Nd7 15. h3 Bh5 16. Qc2 b4 17. Nd1 a5 18. Ne3 a4 19. Rae1 Bg6 20. Nc4 Nb6 21. Nxb6 Qxb6 22. Bxg6 hxg6 23. Nd2 Kg8 24. Nc4 Qa6 25. Re4 Rh5 26. Qe2 Rxd5 27. Re8+ Rxe8 28. Qxe8+ Kh7 29. b3 axb3 30. axb3 Rf5 31. g4 Rf4 32. Qe3 Bg5 33. Qg3 d5 34. Ne5 Qf6 35. Nd7 Qc3 36. Nf8+ Kg8 37. Re8 Qc1+ 38. Kg2 Re4 39. Ne6+ Kh7 40. Nxg5+ Qxg5 41. Rxe4 dxe4 42. Qd6 e3 43. f4 Qh4 44. Qd3 Qf2+ 45. Kh1 e2 46. Qxe2 Qxe2 0-1


[Site "https://www.chess.com"]

[Event "Titled Tuesday Blitz April 12 Early 2022"]
[White "Lagumina, Giulio"]
[Black "Garv Gaur"]
[WhiteFideId "800619"]
[BlackFideId "45030839"]
[WhiteElo "2277"]
[BlackElo "1950"]
[Result "0-1"]
[Round "02"]
[TimeControl "180+1"]
[Date "2022.04.13"]
[WhiteClock "0:00:26"]
[BlackClock "0:01:25"]

1. e4 c6 2. d4 d5 3. e5 Bf5 4. h4 h5 5. Bd3 Bxd3 6. Qxd3 e6 7. Bg5 Qa5+ 8. Nd2 Qa6 9. c4 Nh6 10. Ne2 Nf5 11. O-O Nd7 12. b3 Bb4 13. Ng3 g6 14. Nxf5 gxf5 15. Nf3 Be7 16. Bxe7 Kxe7 17. Qc3 Qb6 18. Rac1 a5 19. Qe3 Rag8 20. Rc3 Rg4 21. cxd5 cxd5 22. Rfc1 Rhg8 23. g3 f4 24. Qd3 fxg3 25. Ng5 gxf2+ 26. Kxf2 Rxd4 0-1


[Site "https://www.chess.com"]

[Event "Titled Tuesday Blitz April 12 Early 2022"]
[White "Lamaze, Simon"]
[Black "Onslow, Alfie"]
[WhiteFideId "36069264"]
[BlackFideId "436976"]
[WhiteElo "1999"]
[BlackElo "1884"]
[Result "1-0"]
[Round "02"]
[TimeControl "180+1"]
[Date "2022.04.13"]
[WhiteClock "0:00:34"]
[BlackClock "0:00:04"]

1. d4 Nf6 2. c4 c5 3. d5 b5 4. cxb5 a6 5. bxa6 g6 6. Nc3 Bg7 7. e4 O-O 8. a7 Rxa7 9. Nf3 d6 10. Be2 Ba6 11. O-O Qa5 12. Bd2 Bxe2 13. Qxe2 Qa6 14. Qxa6 Nxa6 15. Rfe1 Rb8 16. b3 Nb4 17. Re2 Rba8 18. a4 Nd7 19. Rb1 Rb7 20. Nb5 Nd3 21. Bg5 Kf8 22. Rd1 c4 23. bxc4 N3c5 24. Ra2 Nb6 25. e5 Nxc4 26. exd6 Nxd6 27. Nxd6 exd6 28. a5 Rb5 29. Bf4 Ke7 30. Re1+ Kd7 31. Rae2 Bf6 32. Bg5 Be5 33. Nxe5+ dxe5 34. Rxe5 Nd3 35. Re7+ Kd6 36. Rd1 Rxd5 37. Rxf7 Raxa5 38. Be3 h5 39. Rf6+ Ke5 40. Rxg6 Nb2 41. Rg5+ Ke4 42. Rgxd5 Rxd5 43. Rxd5 Kxd5 44. h3 Ke4 45. Kh2 Nd1 46. Kg3 Kf5 47. Kh4 Kg6 48. g4 Nc3 49. gxh5+ Kh7 50. h6 Nd5 51. Kg5 Ne7 52. Kf6 Ng8+ 53. Ke6 Kg6 54. h4 Kh7 55. h5 Kh8 56. Bg5 Kh7 57. f4 Kh8 58. f5 Kh7 59. f6 Nxh6 60. Bxh6 Kxh6 61. f7 Kg7 62. Ke7 Kh7 63. Ke8 Kh6 64. f8=Q+ Kh7 65. Qf6 Kg8 66. h6 Kh7 67. Qg7# 1-0


[Site "https://www.chess.com"]

[Event "Titled Tuesday Blitz April 12 Early 2022"]
[White "Lauridsen, Jesper Morch"]
[Black "Ibadov, Dashgyn"]
[WhiteFideId "1401890"]
[BlackFideId "24107514"]
[WhiteElo "2315"]
[BlackElo "2138"]
[Result "0-1"]
[Round "02"]
[TimeControl "180+1"]
[Date "2022.04.13"]
[WhiteClock "0:00:07"]
[BlackClock "0:00:35"]

1. e4 e6 2. d3 d5 3. Nd2 Nf6 4. g3 c5 5. Bg2 Nc6 6. Qe2 g6 7. exd5 Nxd5 8. c3 Bg7 9. Ne4 O-O 10. Nf3 f5 11. Bg5 Qb6 12. Nd6 Nxc3 13. Qc2 Nb4 14. Qd2 Qxd6 15. bxc3 Nxd3+ 16. Ke2 c4 17. Rhd1 Bd7 18. Nd4 e5 19. Nc2 Bc6 20. Kf1 Bxg2+ 21. Kxg2 f4 22. Nb4 h6 23. Nxd3 cxd3 24. Bxh6 Bxh6 25. Qxd3 Qxd3 26. Rxd3 e4 27. Rd6 f3+ 28. Kh3 Kg7 29. Rb1 b6 30. Rb4 e3 31. Rd7+ Rf7 32. Rxf7+ Kxf7 33. fxe3 Bxe3 34. Re4 Re8 35. Rxe8 Kxe8 36. g4 Ke7 37. Kg3 f2 38. Kg2 g5 39. h3 Ke6 0-1


[Site "https://www.chess.com"]

[Event "Titled Tuesday Blitz April 12 Early 2022"]
[White "Lewtak, Damian"]
[Black "Lazavik, Denis"]
[WhiteFideId "1141724"]
[BlackFideId "13515110"]
[WhiteElo "2362"]
[BlackElo "2437"]
[Result "0-1"]
[Round "02"]
[TimeControl "180+1"]
[Date "2022.04.12"]
[WhiteClock "0:00:02"]
[BlackClock "0:01:20"]

1. d4 f5 2. Bg5 h6 3. Bh4 g5 4. Bg3 Bg7 5. e3 c5 6. c3 Qb6 7. Qb3 Qxb3 8. axb3 cxd4 9. cxd4 Nc6 10. Nc3 Nf6 11. Bd3 d6 12. h4 Nb4 13. Bb1 Nh5 14. Bh2 g4 15. Nge2 Be6 16. Ra3 Kd7 17. Nf4 Nxf4 18. Bxf4 h5 19. Kd2 Rhf8 20. Rc1 Nd5 21. Bg5 a6 22. Nxd5 Bxd5 23. g3 e6 24. Bd3 Rfc8 25. Bc4 Be4 26. Raa1 e5 27. dxe5 Bxe5 28. Bd3 Bxb2 29. Rxc8 Rxc8 30. Ra2 Bc3+ 31. Ke2 Be5 32. b4 Rc3 33. Bxe4 fxe4 34. Rd2 Rb3 0-1


[Site "https://www.chess.com"]

[Event "Titled Tuesday Blitz April 12 Early 2022"]
[White "Lobachev, Yury"]
[Black "Li, Xueyi"]
[WhiteFideId "24138177"]
[BlackFideId "8605912"]
[WhiteElo "2309"]
[BlackElo "2091"]
[Result "0-1"]
[Round "02"]
[TimeControl "180+1"]
[Date "2022.04.13"]
[WhiteClock "0:00:06"]
[BlackClock "0:00:45"]

1. c4 g6 2. Nc3 Bg7 3. g3 e5 4. Bg2 c6 5. Nf3 Ne7 6. O-O d5 7. cxd5 cxd5 8. d3 O-O 9. Bg5 Nbc6 10. a3 h6 11. Bxe7 Nxe7 12. Rc1 a6 13. b4 Be6 14. Nd2 Qd7 15. Na4 Qd8 16. Nc5 Bc8 17. Qc2 b6 18. Ncb3 Bg4 19. f3 Be6 20. Qc7 h5 21. Qxd8 Rfxd8 22. Rc7 Kf8 23. Rfc1 Bh6 24. R1c2 Nf5 25. Nf1 Ne3 26. Nxe3 Bxe3+ 27. Kf1 a5 28. bxa5 bxa5 29. Nc5 Bc8 30. f4 Rb8 31. Bf3 Rb1+ 32. Kg2 Rg1# 0-1


[Site "https://www.chess.com"]

[Event "Titled Tuesday Blitz April 12 Early 2022"]
[White "Lou, Yiping"]
[Black "Ferreira, Vitor Hugo Vieira"]
[WhiteFideId "8603928"]
[BlackFideId "2119765"]
[WhiteElo "2412"]
[BlackElo "2165"]
[Result "1-0"]
[Round "02"]
[TimeControl "180+1"]
[Date "2022.04.13"]
[WhiteClock "0:00:44"]
[BlackClock "0:00:15"]

1. e4 c5 2. Nf3 d6 3. Nc3 Nf6 4. d4 cxd4 5. Nxd4 a6 6. Be3 e5 7. Nb3 Be6 8. f3 h5 9. Qd2 Nbd7 10. O-O-O b5 11. Kb1 b4 12. Nd5 Bxd5 13. exd5 a5 14. Bb5 g6 15. c3 bxc3 16. Qxc3 Bg7 17. Qc6 Qb8 18. Bb6 O-O 19. Bc7 Qa7 20. Qxd6 Rfc8 21. Bxd7 Rxc7 22. Ba4 e4 23. Rc1 Re7 24. Qc5 exf3 25. Qxa7 Raxa7 26. gxf3 Nxd5 27. Rhe1 Rxe1 28. Rxe1 Nb6 29. Bb5 a4 30. Nd2 a3 31. bxa3 Nd5 32. Bc4 Rb7+ 33. Kc2 Rb2+ 34. Kc1 Nb6 35. Bb3 Bc3 36. Re8+ Kg7 37. Ne4 Bd4 38. Rd8 Be5 39. f4 Re2 40. fxe5 Rxe4 41. Rd6 Nc8 42. Rd7 Rxe5 43. Rxf7+ Kh6 44. a4 Re2 45. a5 Rxh2 46. Rc7 Nd6 47. a6 Rf2 48. a7 Rf8 49. Bd5 Nb5 50. Rf7 Rc8+ 51. Kb2 Nxa7 52. Rxa7 h4 53. a4 Kg5 54. Rh7 Rd8 55. Bb7 Rd2+ 56. Kc3 Rd1 57. a5 Ra1 58. a6 Kg4 59. Kb4 g5 60. Kb5 Kg3 61. Kb6 g4 62. a7 Rxa7 63. Kxa7 h3 64. Bc8 h2 65. Bxg4 1-0


[Site "https://www.chess.com"]

[Event "Titled Tuesday Blitz April 12 Early 2022"]
[White "Madaminov, Mukhiddin"]
[Black "Le, Tuan Minh"]
[WhiteFideId "14210703"]
[BlackFideId "12401153"]
[WhiteElo "1916"]
[BlackElo "2450"]
[Result "0-1"]
[Round "02"]
[TimeControl "180+1"]
[Date "2022.04.12"]
[WhiteClock "0:00:13"]
[BlackClock "0:00:08"]

1. d4 d5 2. Nc3 Nf6 3. Bf4 Bf5 4. f3 e6 5. g4 Bg6 6. h4 h6 7. e3 a6 8. Bd3 Bxd3 9. Qxd3 Bd6 10. Nge2 c5 11. dxc5 Bxc5 12. O-O-O Nc6 13. g5 Nd7 14. g6 Nde5 15. gxf7+ Kxf7 16. Qd2 Nc4 17. Qe1 Qb6 18. b3 Ba3+ 19. Kb1 Bb4 20. Rg1 Rhg8 21. Qg3 Ne7 22. e4 Bxc3 23. Nxc3 Na3+ 24. Kb2 Rac8 25. Be5 Nc4+ 26. Kb1 Nxe5 27. Qf4+ Ke8 28. Qxe5 Qc7 29. Qxc7 Rxc7 30. Kb2 Rd7 31. Na4 Kf7 32. Nc5 Rc7 33. Nd3 Rgc8 34. c4 dxc4 35. bxc4 Nc6 36. c5 b6 37. cxb6 Rb7 38. Rc1 Rxb6+ 39. Ka3 Rd8 40. Rgd1 Nd4 41. Ne5+ Kf6 42. Nc4 Rc6 43. Kb2 Rb8+ 44. Ka1 Ne2 45. Rc2 Nf4 46. Rd6 Rbc8 47. Rxc6 Rxc6 48. Kb2 Ng6 49. a4 Nxh4 50. f4 g5 51. fxg5+ hxg5 52. Kc3 Ng6 53. Kd4 g4 54. Rf2+ Kg5 55. Rf7 Rxc4+ 56. Kxc4 Ne5+ 0-1


[Site "https://www.chess.com"]

[Event "Titled Tuesday Blitz April 12 Early 2022"]
[White "Maksimenko, Viktor"]
[Black "Shimanov, Aleksandr"]
[WhiteFideId "13710478"]
[BlackFideId "4198603"]
[WhiteElo "2269"]
[BlackElo "2636"]
[Result "0-1"]
[Round "02"]
[TimeControl "180+1"]
[Date "2022.04.12"]
[WhiteClock "0:01:52"]
[BlackClock "0:01:58"]

1. d4 Nf6 2. c4 g6 3. Nc3 Bg7 4. e4 O-O 5. Nf3 d6 6. h3 Na6 7. Be3 e5 8. d5 Nc5 9. Nd2 a5 10. g4 c6 11. Qc2 a4 12. O-O-O Qa5 13. Kb1 Bd7 14. Be2 cxd5 15. exd5 a3 16. b3 Rfc8 17. Rhg1 b5 18. g5 Bf5 19. Qxf5 gxf5 20. gxf6 Qxc3 21. Rxg7+ Kh8 22. Rxf7 Qb2# 0-1


[Site "https://www.chess.com"]

[Event "Titled Tuesday Blitz April 12 Early 2022"]
[White "Maltsevskaya, Aleksandra"]
[Black "Narayanan.S.L"]
[WhiteFideId "24174041"]
[BlackFideId "5058422"]
[WhiteElo "2235"]
[BlackElo "2494"]
[Result "0-1"]
[Round "02"]
[TimeControl "180+1"]
[Date "2022.04.12"]
[WhiteClock "0:00:01"]
[BlackClock "0:00:10"]

1. e4 g6 2. d4 Bg7 3. Nf3 a6 4. h4 h6 5. e5 d6 6. Bd3 Bg4 7. Bf4 Nc6 8. exd6 exd6 9. Nbd2 Nxd4 10. O-O Ne7 11. c3 Nxf3+ 12. Nxf3 O-O 13. Re1 Nc6 14. Be4 Bxf3 15. Qxf3 Qxh4 16. Bg3 Qg5 17. Bxc6 bxc6 18. Qxc6 Ra7 19. Re2 Qb5 20. Qf3 Raa8 21. Rae1 Rae8 22. b3 Rxe2 23. Rxe2 Re8 24. c4 Qd7 25. Rxe8+ Qxe8 26. Qb7 Bd4 27. Kh2 Bb6 28. Qxa6 g5 29. Qb5 Qe2 30. Qf5 Qxa2 31. Qf6 Qxb3 32. Qxh6 Qb2 33. Qxg5+ Qg7 34. Qd8+ Kh7 35. Bh4 Qe5+ 36. Kg1 Qf4 37. Qe7 Qxc4 38. Bf6 Qc1+ 39. Kh2 Qf4+ 40. Kh3 Qf5+ 41. Kh2 Kg6 42. Bh4 Qf4+ 43. Bg3 Qh6+ 44. Kg1 Qg5 45. Qe4+ Kg7 46. Qf3 Qc1+ 47. Kh2 Qh6+ 48. Kg1 Qf6 49. Bf4 Qg6 50. Qc3+ Kg8 51. Qf3 Bd4 52. Qa8+ Kg7 53. Qf3 c5 54. Qc6 Qb1+ 55. Kh2 Qh7+ 56. Kg1 Qh4 0-1


[Site "https://www.chess.com"]

[Event "Titled Tuesday Blitz April 12 Early 2022"]
[White "Mangialardo, Tiago Carvalho"]
[Black "Buscar, Michael"]
[WhiteFideId "2130718"]
[BlackFideId "2603616"]
[WhiteElo "2042"]
[BlackElo "2010"]
[Result "0-1"]
[Round "02"]
[TimeControl "180+1"]
[Date "2022.04.13"]
[WhiteClock "0:00:01"]
[BlackClock "0:00:34"]

1. e4 c5 2. Nf3 e6 3. c3 Nc6 4. d4 cxd4 5. cxd4 a6 6. d5 Nb8 7. Nc3 d6 8. a4 e5 9. Be3 f5 10. a5 f4 11. Bb6 Qf6 12. Nd2 Nd7 13. Qa4 g5 14. b4 Kf7 15. Bc7 g4 16. Qa3 h5 17. Nc4 f3 18. b5 Rh6 19. bxa6 Rxa6 20. Ne3 fxg2 21. Nxg2 Qf3 22. Rg1 Rf6 23. Qb2 Nc5 24. Nh4 Nd3+ 25. Bxd3 Qxd3 26. Nf5 Bxf5 27. exf5 Rxf5 28. Ne2 Qxd5 29. Ng3 Rf3 0-1


[Site "https://www.chess.com"]

[Event "Titled Tuesday Blitz April 12 Early 2022"]
[White "Manukyan, Sargis A."]
[Black "Adelman, Charles"]
[WhiteFideId "13303970"]
[BlackFideId "2003597"]
[WhiteElo "2187"]
[BlackElo "2269"]
[Result "0-1"]
[Round "02"]
[TimeControl "180+1"]
[Date "2022.04.13"]
[WhiteClock "0:00:03"]
[BlackClock "0:00:41"]

1. d4 Nf6 2. e3 c5 3. Nf3 b6 4. Be2 Bb7 5. O-O g6 6. Nbd2 Bg7 7. b3 O-O 8. Bb2 d6 9. c4 Nbd7 10. Qc2 Rc8 11. Rac1 cxd4 12. exd4 d5 13. Qb1 dxc4 14. bxc4 Ne8 15. Rfd1 Rc7 16. Qa1 Qa8 17. d5 Bxb2 18. Qxb2 Nd6 19. Ng5 b5 20. cxb5 Rxc1 21. Rxc1 Bxd5 22. Bf3 Bxf3 23. Ngxf3 Rc8 24. Rxc8+ Qxc8 25. g3 Qc5 26. a4 Nb6 27. Qb3 Qc1+ 28. Kg2 Qa1 29. Qe3 Nf5 30. Qc5 Qxa4 31. Ng5 Qd4 32. Qc2 Qd5+ 33. Nde4 Qxb5 34. g4 Nd6 35. Nxd6 Qxg5 36. Ne4 Qxg4+ 37. Ng3 Qd7 38. h3 a5 39. h4 h5 40. Qb2 Qc6+ 41. Kh2 a4 42. Qb4 Nd5 43. Qb8+ Kg7 44. Qe5+ Nf6 45. Qxe7 Qa6 46. Qa3 Ng4+ 47. Kg2 Qc6+ 48. f3 Qc2+ 49. Kg1 Qf2+ 50. Kh1 Qh2# 0-1


[Site "https://www.chess.com"]

[Event "Titled Tuesday Blitz April 12 Early 2022"]
[White "Martic, Ivan"]
[Black "Dwilewicz, Katarzyna"]
[WhiteFideId "929301"]
[BlackFideId "1148486"]
[WhiteElo "2317"]
[BlackElo "1907"]
[Result "1-0"]
[Round "02"]
[TimeControl "180+1"]
[Date "2022.04.13"]
[WhiteClock "0:00:16"]
[BlackClock "0:00:05"]

1. e4 e5 2. Nf3 Nc6 3. Bc4 Bc5 4. O-O Nf6 5. d3 d6 6. c3 h6 7. Bb3 Bb6 8. Nbd2 a6 9. a4 O-O 10. Nc4 Ba7 11. h3 Be6 12. a5 Ne7 13. Be3 Ng6 14. Bxa7 Rxa7 15. Ne3 Nf4 16. Bc2 Ra8 17. d4 Ng6 18. Re1 Re8 19. Nh2 c6 20. Nhg4 Nxg4 21. hxg4 Qg5 22. Qf3 Rad8 23. d5 Bc8 24. g3 cxd5 25. exd5 e4 26. Bxe4 Ne5 27. Qg2 Nxg4 28. Nxg4 Qxg4 29. Re3 Re5 30. Rae1 Rde8 31. f4 R5e7 32. Bh7+ Kxh7 33. Rxe7 Rxe7 34. Rxe7 Qd1+ 35. Qf1 Qg4 36. Re3 Bf5 37. Qe2 Qh3 38. b4 h5 39. Qh2 Qg4 40. Qe2 Qh3 41. c4 h4 42. g4 Qxg4+ 43. Qxg4 Bxg4 44. Re7 Be2 45. c5 dxc5 46. Rxe2 1-0


[Site "https://www.chess.com"]

[Event "Titled Tuesday Blitz April 12 Early 2022"]
[White "Martinez Alcantara, Jose Eduardo"]
[Black "Ozer, Omer Faruk"]
[WhiteFideId "3805662"]
[BlackFideId "6354564"]
[WhiteElo "2690"]
[BlackElo "2050"]
[Result "1-0"]
[Round "02"]
[TimeControl "180+1"]
[Date "2022.04.12"]
[WhiteClock "0:01:03"]
[BlackClock "0:00:06"]

1. e4 e5 2. Nf3 Nc6 3. Bb5 a6 4. Ba4 Nf6 5. d3 b5 6. Bb3 Bc5 7. c3 d6 8. h3 h6 9. Nbd2 O-O 10. O-O Re8 11. Re1 a5 12. a4 b4 13. Bc4 Rb8 14. Bb5 Bd7 15. Nb3 Bb6 16. Be3 bxc3 17. bxc3 Ne7 18. Bxb6 cxb6 19. Bxd7 Nxd7 20. c4 Nc5 21. Qc2 Nc6 22. Qc3 Qd7 23. Reb1 Nb4 24. Nxc5 bxc5 25. Nd2 Rb7 26. Nf1 Reb8 27. Ne3 Nc6 28. Rb5 Nd4 29. Kh1 Nxb5 30. cxb5 Ra8 31. Nc4 Qd8 32. Re1 f6 33. Re3 d5 34. Nd2 Rc8 35. Rg3 Rd7 36. exd5 Rxd5 37. Nc4 Rd4 38. Nxa5 Rxa4 39. Qb3+ c4 40. Qxa4 cxd3 41. Nc6 d2 42. Nxd8 Rc1+ 43. Kh2 d1=Q 44. Qxd1 Rxd1 45. Ne6 g5 46. Rb3 Rd6 47. b6 1-0


[Site "https://www.chess.com"]

[Event "Titled Tuesday Blitz April 12 Early 2022"]
[White "Martinovici, Ilia"]
[Black "Grischuk, Alexander"]
[WhiteFideId "13907034"]
[BlackFideId "4126025"]
[WhiteElo "2282"]
[BlackElo "2762"]
[Result "0-1"]
[Round "02"]
[TimeControl "180+1"]
[Date "2022.04.12"]
[WhiteClock "0:00:20"]
[BlackClock "0:00:43"]

1. d4 e6 2. c4 b6 3. e4 Bb7 4. Bd3 Bb4+ 5. Bd2 Bxd2+ 6. Nxd2 d6 7. Qg4 Qf6 8. Ngf3 Nd7 9. O-O-O Ne7 10. Rhe1 e5 11. d5 Nc5 12. Bc2 a5 13. Nf1 Bc8 14. Qg5 Qxg5+ 15. Nxg5 h6 16. Nf3 Bg4 17. Re3 O-O 18. h3 Bd7 19. g4 Ng6 20. Ne1 Nf4 21. Kd2 h5 22. Rg3 g6 23. Ng2 Kg7 24. Nfe3 Rh8 25. Rg1 hxg4 26. hxg4 Rh2 27. Nf1 Rh7 28. g5 Nh3 29. Rh1 Nxf2 30. Rxh7+ Kxh7 31. Ke3 Nh3 32. Nh2 Kg7 33. Nf3 Rh8 34. b3 f6 35. gxf6+ Kxf6 36. Nfh4 g5 37. Nf5 Bxf5 38. exf5 Nf4 39. Ne1 Rh2 40. Rh3 Rxh3+ 0-1


[Site "https://www.chess.com"]

[Event "Titled Tuesday Blitz April 12 Early 2022"]
[White "Melaugh, Shane"]
[Black "Ohanyan, Emin"]
[WhiteFideId "2509580"]
[BlackFideId "13312022"]
[WhiteElo "1972"]
[BlackElo "1927"]
[Result "0-1"]
[Round "02"]
[TimeControl "180+1"]
[Date "2022.04.13"]
[WhiteClock "0:01:05"]
[BlackClock "0:00:02"]

1. c4 e5 2. Nc3 Nf6 3. Nf3 Nc6 4. e4 Bb4 5. d3 d6 6. h3 h6 7. Be2 O-O 8. O-O a5 9. Be3 Bc5 10. Qd2 Be6 11. Nd5 Bxd5 12. cxd5 Nd4 13. Bxd4 Bxd4 14. Nxd4 exd4 15. Rac1 Nd7 16. Qf4 Nc5 17. Rc4 b5 18. Rxd4 Qe7 19. b4 Ne6 20. dxe6 fxe6 21. Qe3 e5 22. Rd5 c6 23. Rxb5 cxb5 24. bxa5 Rxa5 25. d4 Qa7 26. Qb3+ Kh8 27. dxe5 dxe5 28. Bxb5 Rxa2 29. Qg3 Rb2 30. Bc6 Qd4 31. Bd5 Qd2 32. Bc6 Qf4 33. Qxf4 Rxf4 34. Bd5 g5 35. g3 Rf6 36. Kg2 Kg7 37. Bc6 Rc2 38. Bd5 Rb2 39. g4 Rd2 40. Kg3 Rb6 41. f3 Rbb2 42. f4 Rd3+ 43. Rf3 exf4# 0-1


[Site "https://www.chess.com"]